 Dungeon Crawl Stone Soup version 0.25.0-37-gb73750e0fb (webtiles) character file.

Game seed: 7578210826197422739

136 Ethylacetat the Sneak (level 5, -5/36 HPs)
             Began as an Octopode Assassin on July 8, 2020.
             Killed from afar by an orc wizard (7 damage)
             ... with a magic dart
             ... on level 3 of the Dungeon.
             The game lasted 00:04:37 (2895 turns).

Ethylacetat the Sneak (Octopode Assassin)           Turns: 2895, Time: 00:04:37

Health: -5/36      AC:  1    Str: 11    XL:     5   Next: 19%
Magic:  5/5        EV: 13    Int: 13    God:
Gold:   67         SH:  0    Dex: 14    Spells: 4/4 levels left

rFire    . . .     SeeInvis .   a - +2 dagger
rCold    + . .     Gourm    .   (no shield)
rNeg     . . .     Faith    .   (helmet restricted)
rPois    .         Spirit   .   (no amulet)
rElec    .         Reflect  .   p - ring of protection from cold
rCorr    .         Harm     .   (no ring)
MR       .....                  (no ring)
Stlth    ++++......             (no ring)
HPRegen  0.12/turn              (no ring)
MPRegen  0.09/turn              (no ring)
                                (no ring)
                                (no ring)

@: no status effects
A: almost no armour, stealthy swim, amphibious, 8 rings, constrict 8, camouflage
1, gelatinous body 1
a: no special abilities


You were on level 3 of the Dungeon.
You were not hungry.

You visited 1 branch of the dungeon, and saw 3 of its levels.

You collected 67 gold pieces.

Inventory:

Hand Weapons
 a - a +2 dagger (weapon)
Missiles
 b - 8 poisoned darts (quivered)
 c - 2 curare-tipped darts
Jewellery
 p - a ring of protection from cold (left tentacle)
Scrolls
 g - 5 scrolls of identify {unknown}
 h - 2 scrolls of teleportation {unknown}
 j - a scroll of fog {unknown}
 k - a scroll of amnesia {unknown}
 m - a scroll of immolation {unknown}
 o - a scroll of noise {unknown}
Potions
 e - 3 potions of stabbing {unknown}
 i - 2 potions of heal wounds {unknown}
 l - 2 potions of might {unknown}
 n - a potion of degeneration {unknown}
Comestibles
 d - 5 rations
 f - 11 chunks of flesh


   Skills:
 + Level 3.3 Fighting
 * Level 4.4 Short Blades
 - Level 2.0 Throwing
 - Level 1.0 Dodging
 - Level 5.3 Stealth


You had 4 spell levels left.
You didn't know any spells.
Your spell library was empty.

Dungeon Overview and Level Annotations

Branches:
Dungeon (3/15)

Altars:
Ashenzari
Cheibriados


Innate Abilities, Weirdness & Mutations

You cannot wear most types of armour.
You are very stealthy in the water. (Stealth+)
You are amphibious.
You can wear up to eight rings at the same time.
You can use your tentacles to constrict eight enemies at once.
Your skin changes colour to match your surroundings (Stealth+).
Your rubbery body absorbs attacks. (AC +1, EV +1)


Message History

The orc wizard points at you and mumbles some strange words.
You are more confused.
You bump into the rock wall.
You closely miss the orc wizard. Your squeeze misses the orc wizard.
The orc wizard hits you with a +0 dagger.
* * * LOW HITPOINT WARNING * * *
You miss the orc wizard.
The orc wizard hits you with a +0 dagger.
* * * LOW HITPOINT WARNING * * *
The orc wizard casts a spell at you. The puff of flame misses you.
The orc wizard points at you and mumbles some strange words.
You resist with some effort.
You bump into the rock wall.
You feel less confused. The orc wizard casts a spell at you.
The puff of flame misses you.
The orc wizard points at you and mumbles some strange words.
The magic dart hits you!
You die...

#### .#. ###>.
.#. ...# ..
#..# .# #@.#
##.# #..# #..#
#..####..####g#
#..oo?go.......
#.#############
#.# #.#
########## #.#
#.)....... #.#
#.#####...


You could see an orc wizard.

Vanquished Creatures
  Robin (D:3)
  4 adders
  3 dart slugs
  3 leopard geckos (D:1)
  3 orcs (D:3)
  2 giant cockroaches
  13 goblins
  8 hobgoblins
  8 jackals (D:2)
  4 kobolds
  2 quokkas (D:3)
  9 bats
  3 frilled lizards
  8 rats
71 creatures vanquished.

Notes
Turn   | Place    | Note
-------+----------+-------------------------------------------
     0 | D:1      | Ethylacetat the Octopode Assassin began the quest for the
                  | Orb.
     0 | D:1      | Reached XP level 1. HP: 14/14 MP: 1/1
   176 | D:1      | Reached XP level 2. HP: 19/19 MP: 2/2
   671 | D:1      | Reached XP level 3. HP: 21/25 MP: 3/3
  1466 | D:2      | Found a snail-covered altar of Cheibriados.
  1520 | D:2      | Reached XP level 4. HP: 27/30 MP: 4/4
  2479 | D:3      | Found a shattered altar of Ashenzari.
  2499 | D:3      | Noticed Robin
  2712 | D:3      | Reached XP level 5. HP: 25/36 MP: 5/5
  2805 | D:3      | Killed Robin
  2890 | D:3      | HP: 1/36 [orc wizard/+0 dagger (1)]
  2895 | D:3      | Killed from afar by an orc wizard

Illustrated notes

Levels and vault maps discovered:
D:1:      dpeg_arrival_chambers_temple_mockup, layout_basic
D:2:      layout_basic, overflow_temple_1_default
D:3:      layout_basic, nicolae_overflow_crystal_walls, old_standard_altar,
          corexii_shack, uniq_robin

Skill      XL: |  1  2  3  4 |
---------------+-------------+-----
Short Blades   | 3 4 |  4.4
Fighting       | 3 |  3.3
Throwing       | |  2.0
Dodging        | |  1.0
Stealth        | |  5.3

Action                   |  1- 3 |  4- 6 || total
-------------------------+-------+-------++-------
Melee: Dagger            |    76 |    72 ||   148
       Constrict         |    16 |    17 ||    33
       Tentacles         |    10 |    12 ||    22
 Stab: Sleeping          |    15 |     9 ||    24
  Eat: Chunk             |     2 |     4 ||     6
Armor: Skin              |     5 |     4 ||     9
Dodge: Dodged            |    32 |    43 ||    75
